 Dungeon Crawl Stone Soup version 0.31-a0-365-gcf821cafb2 (webtiles) character file.

Game seed: 11066457162234362610

12283 lunkers the Martial Artist (level 12, -2/90 HPs)
             Began as a Meteoran Shapeshifter on July 27, 2023.
             Was a High Priest of Ru.
             Slain by a yak (8 damage)
             ... on level 1 of the Lair of Beasts.
             The game lasted 00:16:30 (6084 turns).

lunkers the Martial Artist (Meteoran Shapeshifter)  Turns: 6084, Time: 00:16:30

Health: -2/90      AC:  9    Str: 17    XL:     12   Next: 47%
Magic:  13/13      EV: 18    Int: 11    God:    Ru [*****.]
Gold:   626        SH:  5    Dex: 19    Spells: 5/11 levels left

rFire   + .          .
                       - Unarmed
rCold   . . .        s - orb {light}
rNeg    . . .        b - +0 steam dragon scales
rPois   .            (helmet currently unavailable)
rElec   .            (cloak currently unavailable)
rCorr   .            (gloves currently unavailable)
SInv    .            (boots currently unavailable)
Will    +....        e - amulet of reflection
Stlth   +            g - ring of protection from fire
HPRegen 0.35/turn    h - +4 ring of protection
MPRegen 0.13/turn

%: reflection
@: beast-form, silenced (expiring), marked, glowing
A: beast (slay +5), frail 1, sense surroundings 2, inability to use devices,
unskilled 1, otherworldly, glowing, explore regen
a: Begin Untransformation, Renounce Religion, Sacrifice Purity, Sacrifice Words,
Sacrifice Arcana, Reject Sacrifices


You were on level 1 of the Lair of Beasts.
You worshipped Ru.
Ru was extremely pleased with you.
You were a hulking beast.
You visited 3 branches of the dungeon, and saw 13 of its levels.

You collected 626 gold pieces.

Inventory:

Armour
 a - a +1 animal skin
 b - +0 steam dragon scales (worn)
 p - a +0 pair of gloves
 s - an orb of light (worn)
 t - the +0 ring mail "Hoklatti" {Will- rCorr Int+4}
   (You found it on level 8 of the Dungeon)

   Int:       It affects your intelligence (+4).
   rCorr:     It protects you from acid and corrosion.
   Will:      It decreases your willpower.
 y - a +0 helmet
 z - the +0 pair of gloves "Qaaffi Uxili" {Str+3}
   (You found it on level 10 of the Dungeon)

   Str:       It affects your strength (+3).
 C - a +0 pair of boots
Jewellery
 d - a +6 ring of strength
 e - an amulet of reflection (around neck)
 g - a ring of protection from fire (left hand)
 h - a +4 ring of protection (right hand)
 u - a ring of resist corrosion
 w - a ring of magical power
 B - a ring of ice
 D - an amulet of magic regeneration
Talismans
 c - a beast talisman
Scrolls
 j - 3 scrolls of teleportation
 o - a scroll of enchant armour
 v - a scroll of fog
Potions
 f - 2 potions of haste
 i - 3 potions of brilliance
 k - 2 potions of attraction
 l - 2 potions of cancellation
 m - 3 potions of curing
 n - 5 potions of heal wounds
 q - 3 potions of mutation {unknown}
 r - 2 potions of resistance {unknown}
 x - a potion of enlightenment {unknown}
 A - a potion of ambrosia {unknown}


   Skills:
 + Level 8.1 Fighting
 + Level 9.1 Dodging
 + Level 13.9 Unarmed Combat
 + Level 8.1 Shapeshifting


You had 5 spell levels left.
You knew the following spells:

 Your Spells              Type           Power      Damage    Failure   Level
b - Manifold Assault      Tloc           0%         N/A       98%         4
p - Blink                 Tloc           0%         N/A       47%         2

Your spell library contained the following spells:

 Spells                   Type           Power      Damage    Failure   Level
 Necrotise                Necr           0%         1d4       34%         1
 Vampiric Draining        Necr           0%         2d6       71%         3
 Olgreb's Toxic Radiance  Pois           0%         N/A       98%         4
 Agony                    Necr           0%         N/A       100%        5
 Discord                  Hex            0%         N/A       100%        8
 Ignition                 Fire           0%         3d3       100%        8


Dungeon Overview and Level Annotations

Branches:
Dungeon (11/15) Zot: 722   Temple (0/1) D:6            Lair (1/5) D:11 Zot: 565
    Orc (1/2) D:9 Zot: 583

Altars:
Ashenzari
Cheibriados
Nemelex Xobeh
Okawaru
Ru

Shops:
D:6 (

Annotations:
D:9 2 runed translucent doors, randomguy2701's ghost, novice HOFi
Orc:1 Fannar


Innate Abilities, Weirdness & Mutations

You are a hulking beast.
Your limbs bulge with bestial killing power. (Slay +5)
You are frail. (-10% HP)
You passively map the area around you.
You cannot study or use magical devices.
You are somewhat unskilled. (-1 Apt)
You are easily found by Zot.
You glow in the dark.
You regain HP and MP as you explore.


Message History

* * * LOW HITPOINT WARNING * * *
You focus your inner power and blind the yak in retribution!
You hit the yak.
The yak is severely wounded.
Unknown command.
You catch the helpless yak completely off-guard!
You punch the yak!
The yak is almost dead.
You feel sick. The yak gores you!
* * * LOW HITPOINT WARNING * * *
The yak gores you!
* * * LOW HITPOINT WARNING * * *
The yak barely misses you.
You hit the yak.
You kill the yak!
You feel sick. The yak gores you!
* * * LOW HITPOINT WARNING * * *
The yak barely misses you. The yak attacks as you move away!
The yak is stunned by your conviction and fails to attack.
You feel sick.
You are no longer poisoned.
The yak gores you but does no damage. The yak attacks as you move away!
The yak gores you!
* * * LOW HITPOINT WARNING * * *
You focus your inner power and blind the yak in retribution!
Magic scrolls do not work when you're silenced!
Okay, then.
Okay, then.
You catch the helpless yak completely off-guard!
You hit the yak but do no damage. The yak closely misses you.
The yak gores you but does no damage.
Unknown command.
You punch the yak!
The yak is moderately wounded.
Unknown command.
You punch the yak!
The yak is severely wounded.
The yak is no longer blind. x2; The yak gores you!
You die...

* .................#....
.................#.... ,
.......................
,,
....................... ,
....................... ,
............Y..........,
, *
,.............Y.........,
, #...........YYYP###....
, ,,, ##?.....<####h###,
...., * ##......# ### ..
, * #.....## ** ,, *
........# ......### * ,*
,.....# * , ** ....#* ,,
, *####


You could see 5 yaks.

Vanquished Creatures
  2 two-headed ogres (D:11)
  Lodul (D:11)
  A deep elf zephyrmancer (D:8)
  Maurice (D:11)
  A komodo dragon (D:11)
  A troll (D:11)
  A hornet (D:10)
  Prince Ribbit (D:9)
  Grinder (D:6)
  A wyvern (D:7)
  2 wraiths
  19 yaks
  A steam dragon (D:6)
  2 vampire mosquitoes (D:11)
  An acid dragon (D:9)
  4 water moccasins
  5 orc warriors
  3 black bears
  2 ice beasts (D:7)
  7 ogres
  A wolf (D:11)
  3 centaurs
  A kobold brigand (D:9)
  7 scorpions
  5 bullfrogs
  3 wights (D:8)
  10 killer bees
  13 howler monkeys
  4 jellies
  5 hounds
  9 orc priests
  3 iguanas
  Crazy Yiuf (D:2)
  4 sleepcaps
  11 orc wizards
  3 gnolls (D:5)
  6 adders
  2 ufetubi
  3 worms
  3 dart slugs
  56 orcs
  10 ball pythons
  2 bats (D:3)
  5 endoplasms
  5 giant cockroaches
  14 goblins
  9 hobgoblins
  8 jackals
  4 quokkas
  5 frilled lizards
  10 kobolds
  7 rats
289 creatures vanquished.

Vanquished Creatures (others)
  A troll (D:10)
1 creature vanquished.

Grand Total: 290 creatures vanquished

Notes
Turn   | Place    | Note
-------+----------+-------------------------------------------
     0 | D:1      | lunkers the Meteoran Shapeshifter began the quest for the
                  | Orb.
     0 | D:1      | Reached XP level 1. HP: 16/16 MP: 2/2
    53 | D:1      | Reached skill level 4 in Unarmed Combat
    53 | D:1      | Reached XP level 2. HP: 17/23 MP: 3/3
   260 | D:1      | Reached XP level 3. HP: 28/28 MP: 4/4
   353 | D:2      | Reached skill level 5 in Unarmed Combat
   470 | D:2      | Found a runed translucent door.
   471 | D:2      | Noticed Crazy Yiuf
   478 | D:2      | Killed Crazy Yiuf
   479 | D:2      | Reached XP level 4. HP: 11/35 MP: 5/5
   706 | D:3      | Reached skill level 6 in Unarmed Combat
   713 | D:3      | Reached XP level 5. HP: 35/40 MP: 6/6
  1008 | D:3      | Found a faded altar of an unknown god.
  1008 | D:3      | Noticed a reaper
  1017 | D:3      | Prayed at the altar of an unknown god.
  1017 | D:3      | Became a worshipper of Ru the Awakened
  1018 | D:3      | Gained mutation: You are frail. (-10% HP) [Ru sacrifice]
  1018 | D:3      | Reached * piety under Ru
  1308 | D:3      | Reached skill level 7 in Unarmed Combat
  1311 | D:3      | Reached XP level 6. HP: 21/42 MP: 7/7
  1351 | D:4      | Noticed a black bear
  1361 | D:4      | Killed a black bear
  1362 | D:4      | Reached skill level 8 in Unarmed Combat
  1655 | D:4      | Reached XP level 7. HP: 40/46 MP: 8/8
  1719 | D:4      | Reached skill level 9 in Unarmed Combat
  2146 | D:5      | Entered Level 5 of the Dungeon
  2414 | D:5      | Reached skill level 10 in Unarmed Combat
  2414 | D:5      | Reached XP level 8. HP: 31/53 MP: 9/9
  2803 | D:6      | Reached skill level 11 in Unarmed Combat
  2831 | D:6      | Found Xenaferr's Weapon Emporium.
  2851 | D:6      | Gained mutation: You cannot study or use magical devices.
                  | [Ru sacrifice]
  2851 | D:6      | Reached ** piety under Ru
  2851 | D:6      | Reached *** piety under Ru
  2851 | D:6      | Reached **** piety under Ru
  2877 | D:6      | Noticed a steam dragon
  2882 | D:6      | Killed a steam dragon
  2949 | D:6      | Reached skill level 12 in Unarmed Combat
  2949 | D:6      | Gained mutation: You passively map the area around you.
                  | [Meteoran growth]
  2949 | D:6      | Reached XP level 9. HP: 53/57 MP: 10/10
  2985 | D:6      | Noticed Grinder
  2995 | D:6      | Paralysed by Grinder for 3 turns
  3000 | D:6      | Killed Grinder
  3050 | D:6      | Found a staircase to the Ecumenical Temple.
  3397 | D:6      | Reached skill level 5 in Shapeshifting
  3424 | D:7      | Reached skill level 5 in Dodging
  3436 | D:7      | Reached XP level 10. HP: 62/71 MP: 11/11
  3480 | D:7      | Found a snail-covered altar of Cheibriados.
  3505 | D:7      | Found an iron altar of Okawaru.
  3564 | D:7      | Reached skill level 13 in Unarmed Combat
  3624 | D:7      | Reached skill level 5 in Fighting
  3792 | D:8      | Identified the +0 ring mail "Hoklatti" {Will- rCorr Int+4}
  4311 | D:8      | Found a sparkling altar of Nemelex Xobeh.
  4318 | D:8      | Found a broken altar of Ashenzari.
  4327 | D:8      | Gained mutation: You are somewhat unskilled. (-1 Apt) [Ru
                  | sacrifice]
  4327 | D:8      | Reduced skill Fighting to level 5
  4327 | D:8      | Reduced skill Unarmed Combat to level 12
  4327 | D:8      | Reached ***** piety under Ru
  4535 | D:8      | Noticed a deep elf zephyrmancer
  4542 | D:8      | Killed a deep elf zephyrmancer
  4616 | D:9      | Reached XP level 11. HP: 61/80 MP: 12/12
  4768 | D:9      | Found a large runed translucent door.
  4768 | D:9      | Found a large runed translucent door.
  4772 | D:9      | Noticed randomguy2701's ghost (novice HOFi)
  4800 | D:9      | Found a staircase to the Orcish Mines.
  4844 | D:9      | Noticed Prince Ribbit
  4859 | D:9      | Killed Prince Ribbit
  5016 | Orc:1    | Entered Level 1 of the Orcish Mines
  5022 | Orc:1    | Noticed Fannar
  5090 | D:10     | Entered Level 10 of the Dungeon
  5323 | D:10     | Identified the +0 pair of gloves "Qaaffi Uxili" {Str+3}
  5347 | D:10     | Reached skill level 13 in Unarmed Combat
  5471 | D:10     | Learned a level 4 spell: Manifold Assault
  5474 | D:10     | Learned a level 2 spell: Blink
  5660 | D:11     | Found the +4 consecrated labrys {holy, Valiant Fragile Fly
                  | SInv}
  5662 | D:11     | Noticed a two-headed ogre
  5667 | D:11     | Noticed Maurice
  5713 | D:11     | Noticed a two-headed ogre
  5719 | D:11     | Killed a two-headed ogre
  5799 | D:11     | Reached XP level 12. HP: 75/90 MP: 13/13
  5799 | D:11     | Noticed Lodul
  5803 | D:11     | Found a staircase to the Lair.
  5828 | D:11     | Killed a two-headed ogre
  5841 | D:11     | Killed Maurice
  5847 | D:11     | HP: 3/90 [Lodul/bolt of lightning (9)]
  6026 | D:11     | Killed Lodul
  6047 | Lair:1   | Entered Level 1 of the Lair of Beasts
  6075 | Lair:1   | HP: 1/90 [yak (7)]
  6084 | Lair:1   | Slain by a yak

Illustrated notes

Levels and vault maps discovered:
D:1:      grunt_arrival_lava_bath, layout_basic
D:2:      layout_basic, uniq_crazy_yiuf_cottage
D:3:      cheibrodos_greedy_goblins, layout_loops_corners,
          dreamdust_ecumenical_altar_sealed_demon, minmay_goblin_outpost
D:4:      layout_gridville, kennysheep_generic_room_7
D:5:      layout_loops_corners
D:6:      layout_basic, minmay_temple_entry_butterflies, serial_shops, shop,
          minmay_quadrilaterals, uniq_grinder
D:7:      layout_rooms, minitemple, small_statue_intersection,
          hangedman_minor_gate_pass
D:8:      layout_loops_corners, mainiacjoe_overflow_big_doors,
          guppyfry_early_elven_hall
D:9:      hellmonk_destroyed_diamonds, layout_rooms, orc_0_dummy,
          ebering_ghost_disaster_area, chequers_garden, uniq_prince_ribbit1
D:10:     layout_roguey
D:11:     layout_long_grid, erik_lair_island, nicolae_benzene_ring,
          minmay_misc_feat_five, uniq_maurice, uniq_nergalle, uniq_lodul
Lair:1:   layout_hall_layers
Orc:1:    layout_caves, serial_shops, nicolae_shop_back_alley_shop, uniq_fannar,
          uniq_sonja

Skill      XL: |  1  2  3  4  5  6  7  8  9 10 11 12 |
---------------+-------------------------------------+-----
Unarmed Combat | 4 5 6 7 8 10 12 12 13 | 13.9
Fighting       | 4 5 7 8 |  8.1
Dodging        | 5 6 8 9 |  9.1
Shapeshifting  | 5 6 7 8 |  8.1

Action                     |  1- 3 |  4- 6 |  7- 9 | 10-12 || total
---------------------------+-------+-------+-------+-------++-------
  Melee: Unarmed           |    61 |   133 |   213 |   410 ||   817
         Punch             |     2 |     7 |     7 |       ||    16
 Invoke: Sacrifice Health  |       |     1 |       |       ||     1
         Sacrifice Artific |       |       |     1 |       ||     1
         Sacrifice Skill   |       |       |       |     1 ||     1
    Use: Scroll            |     5 |     2 |     4 |     8 ||    19
         Potion            |     1 |       |       |       ||     1
   Stab: Invisible         |       |       |     1 |     7 ||     8
         Distracted        |       |       |     1 |     1 ||     2
         Paralysed         |       |       |       |     3 ||     3
 Armour: Animal skin       |    15 |    49 |    13 |       ||    77
         Skin              |     1 |       |       |       ||     1
         Steam dragon scal |       |       |    28 |    84 ||   112
  Dodge: Dodged            |    22 |    78 |    91 |   199 ||   390
  Block: Other             |       |     1 |    22 |     6 ||    29
         Orb               |       |       |       |    57 ||    57
         Reflection        |       |       |       |     5 ||     5

Table legend: (Time is in decaauts)
 A = Elapsed time spent in this place.
 B = Non-inter-level travel time spent in this place.
 C = Inter-level travel time spent in this place.
 D = Time resting spent in this place.
 E = Time spent auto-exploring this place.
 F = Levels seen in this place.
 G = Mean time per level.
                   A        B        C        D        E       F      G
               +--------+--------+--------+--------+--------+-----+--------+
         Total |   5927 |   5560 |    367 |     42 |   3639 |  13 |  455.9 |
       Dungeon |   5877 |   5510 |    367 |     42 |   3630 |  11 |  534.3 |
          Lair |     33 |     33 |      0 |      0 |      9 |   1 |   33.0 |
  Orcish Mines |     16 |     16 |      0 |      0 |      0 |   1 |   16.0 |
               +--------+--------+--------+--------+--------+-----+--------+

Top non-repeatable levels by time:
     D:4: 787 daAuts
     D:8: 773 daAuts
     D:3: 707 daAuts
    D:10: 638 daAuts
     D:5: 623 daAuts
     D:6: 599 daAuts
     D:9: 478 daAuts
     D:7: 367 daAuts
     D:2: 337 daAuts
     D:1: 281 daAuts
    D:11: 281 daAuts
  Lair:1: 33 daAuts
   Orc:1: 16 daAuts
